 Dungeon Crawl Stone Soup version coffee-0.2.0 (webtiles) character file.

Game seed: 5861823608358263338, levelgen mode: deterministic

4335 Dorkslayer the Fighter (level 10, -3/106 HPs)
             Began as an Ogre Fighter on Oct 17, 2020.
             Was an Elder of Okawaru.
             Slain by a two-headed ogre
             ... wielding a +0 giant club
              (20 damage)
             ... on level 8 of the Dungeon.
             The game lasted 00:23:55 (5137 turns).

Dorkslayer the Fighter (Ogre Fighter)               Turns: 5137, Time: 00:23:55

Health: -3/106     AC: 10    Str: 25    XL:     10   Next: 33%
Magic:  11/11      EV: 13    Int:  9    God:    Okawaru [****..]
Gold:   418        SH:  0    Dex: 13    Spells: 9/9 levels left

rFire    + . .     SeeInvis .   D - +7 great mace "Killer Bee's Peril" {flame, *Noise rC+ Dex+5}
rCold    + + .     Gourm    +   (shield currently unavailable)
rNeg     . . .     Faith    .   v - +2 robe {MR+}
rPois    +         Spirit   .   (helmet restricted)
rElec    +         Reflect  .   (no cloak)
rCorr    +         Harm     .   (gloves unavailable)
MR       +++..                  (boots unavailable)
Stlth    +++.......             r - amulet of the gourmand
HPRegen  0.27/turn              e - ring of protection from magic
MPRegen  0.12/turn              p - +5 ring of protection

@: resistant, hasted, very quick
A: large, unfitting armour, tough skin 1
a: Heroism, Renounce Religion


You were on level 8 of the Dungeon.
You worshipped Okawaru.
Okawaru was greatly pleased with you.
You were completely stuffed.

You visited 2 branches of the dungeon, and saw 9 of its levels.

You collected 418 gold pieces.

Inventory:

Hand Weapons
 a - a +0 war axe
 c - a +3 scimitar of flaming
 D - the +7 great mace "Killer Bee's Peril" (weapon) {flame, *Noise rC+ Dex+5}
   (You found it on level 4 of the Dungeon)

   It has been specially enchanted to burn those struck by it, causing extra
   injury to most foes and up to half again as much damage against particularly
   susceptible opponents.
   It affects your dexterity (+5).
   It protects you from cold.
   It may make noises in combat.
Missiles
 u - 36 poisoned darts
 C - 2 throwing nets
 H - 5 silver javelins (quivered)
 I - 6 boomerangs
Armour
 v - a +2 robe of magic resistance (worn)
Jewellery
 e - a ring of protection from magic (left hand)
 l - an uncursed ring of positive energy
 o - a +1 ring of protection
 p - a +5 ring of protection (right hand)
 r - an amulet of the gourmand (around neck)
 t - an uncursed ring of stealth
Wands
 B - a wand of polymorph (8)
Scrolls
 b - a scroll of holy word
 g - 3 scrolls of enchant weapon
 h - a scroll of magic mapping
 i - a scroll of fog
 j - 2 scrolls of teleportation
 s - 3 scrolls of remove curse
 y - 2 scrolls of amnesia
 z - a scroll of fear
 F - 2 scrolls of vulnerability
Potions
 k - 2 potions of ambrosia
 m - a potion of stabbing
 q - a potion of haste
 w - a potion of magic
 x - a potion of resistance
 A - a potion of curing
 E - 2 potions of might
 G - a potion of flight
 J - a potion of cancellation
Comestibles
 f - 12 rations
 n - 10 chunks of flesh


   Skills:
 + Level 8.7(11.0) Fighting
 + Level 4.6(7.7) Axes
 + Level 8.7(9.1) Maces & Flails
 + Level 2.9 Throwing
 + Level 4.8(7.2) Dodging
 + Level 3.6(6.3) Stealth
   Level 3.7(6.9) Shields
 * Level 2.5(3.1) Invocations
 * Level 1.9(2.3) Evocations


You had 9 spell levels left.
You didn't know any spells.
Your spell library contained the following spells:

 Spells                   Type           Power        Failure   Level  Hunger
 Animate Skeleton         Necr           N/A          19%         1    None
 Apportation              Tloc           #.....       19%         1    None
 Beastly Appendage        Tmut           #.....       19%         1    None
 Corona                   Hex            #......      19%         1    None
 Freeze                   Ice            #...         19%         1    None
 Summon Small Mammal      Summ           #...         19%         1    None
 Ensorcelled Hibernation  Hex/Ice        #.....       28%         2    ##.....
 Sticks to Snakes         Tmut           #.......     28%         2    ##.....
 Confusing Touch          Hex            #.......     50%         3    ###....
 Dazzling Flash           Conj/Hex       #.....       50%         3    ###....
 Frozen Ramparts          Ice            #.....       50%         3    ###....
 Ozocubu's Armour         Chrm/Ice       #.......     50%         3    ###....
 Spider Form              Tmut/Pois      #.........   50%         3    ###....
 Tukima's Dance           Hex            #.......     50%         3    ###....
 Hailstorm                Conj/Ice       #.......     88%         4    ####...
 Ice Form                 Ice/Tmut       #.......     88%         4    ####...
 Summon Ice Beast         Ice/Summ       #.......     88%         4    ####...
 Blade Hands              Tmut           #.........   99%         5    ######.


Dungeon Overview and Level Annotations

Branches:
Dungeon (8/10)             Temple (1/1) D:2

Altars:
Cheibriados
Dithmenos
Elyvilon
Fedhas
Gozag
Hepliaklqana
Nemelex Xobeh
Okawaru
Ru
Wu Jian
Xom

Shops:
D:3 ?   D:5 :


Innate Abilities, Weirdness & Mutations

You are too large for most types of armour.
You have tough skin. (AC +1)


Message History

Okawaru accepts your kill.
You pound the two-headed ogre like an anvil!!!
You burn the two-headed ogre!
The two-headed ogre is almost dead.
The two-headed ogre barely misses you. x2
You closely miss the two-headed ogre.
Your great mace "Killer Bee's Peril" rings like a bell.
The two-headed ogre is almost dead.
You hear a shout!
The two-headed ogre closely misses you.
The two-headed ogre hits you with a +0 giant spiked club!
* * * LOW HITPOINT WARNING * * *
You barely miss the two-headed ogre.
The two-headed ogre is almost dead.
You closely miss the two-headed ogre.
The two-headed ogre is almost dead.
The two-headed ogre hits you with a +0 giant club!
* * * LOW HITPOINT WARNING * * *
The two-headed ogre hits you with a +0 giant spiked club!!
You die...

#.#.# ##..........
#.#.#####...........
##.#.#..#............
#..#.#..#............
###.##.#..#...........
..........'........♣ .
#.#.##.##.'........♣♣|..
#.#.......#.............
#.###.....#.....@O......
#.###.....#.......?.....
..........##......h.....
#####.....###...........
#.....# ##..........
#.....# ##.........
####### ##........
#########


You could see a two-headed ogre and a howler monkey.

Vanquished Creatures
  Psyche (D:8)
  The ghost of BigLord the Shield-Bearer, a novice HOFi of Makhleb (D:5)
  An efreet (D:8)
  Menkaure (D:7)
  Duvessa (D:5)
  2 black bears
  4 ice beasts
  An orc warrior (D:4)
  A sky beast (D:6)
  2 phantoms
  2 ogres
  A centaur (D:7)
  Blork the orc (D:5)
  4 big kobolds
  3 bullfrogs
  Dowan (D:5)
  A gnoll sergeant (D:6)
  A scorpion (D:8)
  2 howler monkeys
  A bullfrog zombie (D:8)
  A centaur zombie (D:6)
  2 gnoll shamans
  2 hounds
  A jelly (D:6)
  4 orc priests
  A bullfrog skeleton (D:7)
  3 centaur skeletons
  6 orc wizards
  Jessica (D:3)
  Terence (D:3)
  7 iguanas
  5 worker ants
  A hound skeleton (D:5)
  A howler monkey zombie (D:5)
  15 gnolls
  A howler monkey skeleton (D:4)
  7 adders
  A shadow imp (D:7)
  2 worms (D:2)
  6 leopard geckos
  25 orcs
  A ball python (D:2)
  6 bats
  4 giant cockroaches
  12 hobgoblins
  9 jackals
  4 quokkas
  2 frilled lizards
  7 goblins
  19 kobolds
  5 rats
  A fungus (D:6)
195 creatures vanquished.

Vanquished Creatures (others)
  2 gnolls (D:6)
  An orc (D:7)
3 creatures vanquished.

Grand Total: 198 creatures vanquished

Notes
Turn   | Place    | Note
-------+----------+-------------------------------------------
     0 | D:1      | Dorkslayer the Ogre Fighter began the quest for the Orb.
     0 | D:1      | Reached XP level 1. HP: 24/24 MP: 1/1
   270 | D:1      | Reached XP level 2. HP: 23/32 MP: 2/2
   333 | D:1      | Reached XP level 3. HP: 11/40 MP: 3/3
   520 | D:2      | Reached XP level 4. HP: 26/49 MP: 4/4
   589 | D:2      | Found a staircase to the Ecumenical Temple.
   603 | Temple   | Entered the Ecumenical Temple
   651 | Temple   | Became a worshipper of Warmaster Okawaru
   750 | D:2      | Found a shimmering altar of Xom.
   832 | D:2      | Found a hazy altar of Hepliaklqana.
   871 | D:2      | Found a shadowy altar of Dithmenos.
  1173 | D:2      | Reached XP level 5. HP: 48/55 MP: 5/5
  1350 | D:2      | Found a blossoming altar of Fedhas.
  1637 | D:3      | Noticed Terence
  1643 | D:3      | Killed Terence
  1643 | D:3      | Reached skill level 1 in Stealth
  1655 | D:3      | Found Meabbut's Magic Scroll Emporium.
  1657 | D:3      | Noticed Jessica
  1660 | D:3      | Killed Jessica
  1676 | D:3      | Reached skill level 1 in Throwing
  1763 | D:3      | Noticed an ice beast
  1776 | D:3      | Killed an ice beast
  1776 | D:3      | Reached XP level 6. HP: 47/65 MP: 6/6
  2103 | D:4      | Found a white marble altar of Elyvilon.
  2194 | D:4      | Got the +7 great mace "Killer Bee's Peril" {flame, *Noise
                  | rC+ Dex+5}
  2234 | D:4      | Reached * piety under Okawaru
  2243 | D:4      | Reached skill level 5 in Fighting
  2314 | D:4      | Reached XP level 7. HP: 70/72 MP: 7/7
  2407 | D:4      | Reached skill level 1 in Maces & Flails
  2887 | D:5      | Entered Level 5 of the Dungeon
  2887 | D:5      | Found a runed translucent gate.
  2887 | D:5      | Found a runed translucent gate.
  2887 | D:5      | Found a runed translucent gate.
  2887 | D:5      | Noticed BigLord's ghost (novice HOFi)
  2894 | D:5      | Reached ** piety under Okawaru
  2894 | D:5      | Reached XP level 8. HP: 61/83 MP: 8/8
  2930 | D:5      | Killed BigLord's ghost
  2940 | D:5      | Reached skill level 5 in Maces & Flails
  2940 | D:5      | Noticed Duvessa
  2948 | D:5      | Noticed Dowan
  2952 | D:5      | Killed Duvessa
  2957 | D:5      | HP: 4/87 [Dowan/+0 dagger (4)]
  2961 | D:5      | Killed Dowan
  3076 | D:5      | Found Qeadianwoffe's Book Emporium.
  3102 | D:5      | Noticed Blork the orc
  3112 | D:5      | Killed Blork the orc
  3141 | D:5      | Reached XP level 9. HP: 49/93 MP: 9/9
  3454 | D:6      | Reached *** piety under Okawaru
  3558 | D:6      | Found a sacrificial altar of Ru.
  3970 | D:6      | Found a snail-covered altar of Cheibriados.
  4224 | D:7      | Noticed Menkaure
  4227 | D:7      | Killed Menkaure
  4227 | D:7      | Reached **** piety under Okawaru
  4233 | D:7      | Received a gift from Okawaru
  4569 | D:7      | Reached skill level 1 in Invocations
  4621 | D:7      | Reached XP level 10. HP: 106/106 MP: 10/10
  4630 | D:7      | Reached skill level 1 in Evocations
  4700 | D:7      | Found a sparkling altar of Nemelex Xobeh.
  4959 | D:8      | Found an iron altar of Okawaru.
  5020 | D:8      | Noticed Psyche
  5037 | D:8      | Killed Psyche
  5117 | D:8      | Noticed a two-headed ogre
  5137 | D:8      | Slain by a two-headed ogre

Levels and vault maps discovered:
D:1:      dpeg_arrival_pits, layout_rooms
D:2:      minmay_spotlight, layout_basic, marbit_many_paths,
          nicolae_overflow_hidden_temple, lemuel_round_altar,
          minmay_temple_entry_stoned_glass, roderic_lattice_a, xom_teletrap_fun
D:3:      layout_rooms, serial_shops, shop, uniq_jessica, uniq_terence
D:4:      minmay_thick_lines, layout_cave_pools, elyvilon_altar_1
D:5:      layout_cave_pools, first_ration, gammafunk_ghost_nasty_kobolds,
          serial_shops, nicolae_shop_stone, uniq_blork_the_orc, uniq_duvessa
D:6:      layout_basic, grunt_temple_overflow_open, lemuel_round_altar,
          nicolae_ru_the_path_less_chosen
D:7:      layout_basic, nemelex_xobeh_ov_fountains_minmay, uniq_menkaure
D:8:      kennysheep_big_flooded_room, layout_basic, kennysheep_little_box,
          ploomutoo_gammafunk_ghost_potion_laboratory, serial_shops, shop,
          grunt_livestock, kennysheep_okawaru_gauntlet, uniq_psyche,
          uniq_maggie, uniq_gastronok, uniq_erica
Temple:   dpeg_chambers_temple

Skill      XL: |  1  2  3  4  5  6  7  8  9 10 |
---------------+-------------------------------+-----
Shields        | 3 |  3.7
Dodging        | 3 4 |  4.8
Axes           | 3 4 |  4.6
Stealth        | 1 2 3 |  3.6
Throwing       | 1 2 |  2.9
Fighting       | 5 6 7 8 |  8.7
Maces & Flails | 3 6 8 |  8.7
Invocations    | 1 2 |  2.5
Evocations     | 1 |  1.9

Action                   |  1- 3 |  4- 6 |  7- 9 | 10-12 || total
-------------------------+-------+-------+-------+-------++-------
Melee: War axe           |    56 |   134 |       |       ||   190
       Great mace        |       |    21 |   163 |    58 ||   242
Throw: Dart              |       |    13 |    23 |       ||    36
       Javelin           |       |       |    13 |       ||    13
Invok: Heroism           |       |       |     2 |     1 ||     3
Evoke: Sack of spiders   |       |       |     1 |       ||     1
       Wand              |       |       |     4 |       ||     4
  Use: Potion            |     1 |       |     6 |     4 ||    11
       Scroll            |       |       |       |     2 ||     2
 Stab: Sleeping          |     2 |     9 |     6 |       ||    17
       Distracted        |       |       |     2 |       ||     2
  Eat: Chunk             |       |    13 |     8 |     2 ||    23
Armor: Robe              |    23 |    59 |    50 |    42 ||   174
Dodge: Dodged            |    25 |    80 |    96 |    81 ||   282
Block: Kite shield       |    39 |    68 |       |       ||   107
